 Dungeon Crawl Stone Soup version 0.21.1-1-g345015f (webtiles) character file.

454 Fang the Chopper (level 7, -12/66 HPs)
             Began as a Gargoyle Berserker on June 14, 2018.
             Was a Priest of Trog.
             Mangled by an orc warrior
             ... wielding a +0 glaive
              (21 damage)
             ... on level 4 of the Dungeon.
             The game lasted 00:03:31 (4282 turns).

Fang the Chopper (Gargoyle Berserker)               Turns: 4282, Time: 00:03:32

Health: -12/66     AC:  9    Str: 28    XL:     7   Next: 5%
Magic:  7/7        EV: 13    Int:  7    God:    Trog [***...]
Gold:   291        SH:  0    Dex:  9    Spells: 6/6 levels left

rFire    . . .     SeeInvis .   a - +0 hand axe
rCold    . . .     Gourm    .   (no shield)
rNeg     + . .     Faith    +   b - +0 animal skin
rPois    ∞         Spirit   .   (no helmet)
rElec    +         Reflect  .   r - +1 cloak
rCorr    .         Harm     .   (no gloves)
MR       .....                  (no boots)
Stlth    ..........             i - amulet of faith
HPRegen  0.21/turn              (no ring)
MPRegen  0.10/turn              (no ring)

@: berserking, very quick
A: negative energy resistance 1, electricity resistance, unbreathing,
petrification resistance, rot immunity, AC +4
a: Berserk, Trog's Hand, Burn Spellbooks, Renounce Religion


You were on level 4 of the Dungeon.
You worshipped Trog.
Trog was most pleased with you.
You were not hungry.

You visited 1 branch of the dungeon, and saw 4 of its levels.

You collected 291 gold pieces.

Inventory:

Hand Weapons
 a - a +0 hand axe (weapon)
Armour
 b - a +0 animal skin (worn)
 r - a +1 cloak (worn)
Jewellery
 i - an amulet of faith (around neck)
 w - an uncursed amulet of regeneration {unknown}
Wands
 m - a wand of paralysis (8)
 q - a wand of polymorph (4)
Scrolls
 d - 2 scrolls of magic mapping {unknown}
 e - 2 scrolls of amnesia {unknown}
 f - 3 scrolls of fog {unknown}
 h - 2 scrolls of blinking {unknown}
 n - 7 scrolls of identify {unknown}
 p - a scroll of enchant armour {unknown}
 s - a scroll of enchant weapon {unknown}
 t - 4 scrolls of remove curse {unknown}
 u - a scroll of random uselessness {unknown}
 v - 2 scrolls of teleportation {unknown}
Potions
 g - 2 potions of magic {unknown}
 j - a potion of curing {unknown}
 k - a potion of invisibility {unknown}
 l - a potion of ambrosia {unknown}
 o - a potion of heal wounds {unknown}
Comestibles
 c - 6 rations


   Skills:
 + Level 4.5 Fighting
 + Level 5.0 Axes
 + Level 2.3 Armour
 + Level 3.6 Dodging
 + Level 2.0 Stealth


You had 6 spell levels left.
You didn't know any spells.

Dungeon Overview and Level Annotations

Branches:
Dungeon (4/15)
 Temple: D:4-7

Altars:
Ru


Innate Abilities, Weirdness & Mutations

You are resistant to torment.
Your stone body is resilient. (AC +4)
You are immune to poison.
You resist negative energy. (rN+)
You are resistant to electric shocks. (rElec)
You can survive without breathing.
You are immune to petrification.
You are immune to rotting.


Message History

You are too injured to fight recklessly!
You are too injured to fight recklessly!
You are too injured to fight recklessly!
You are too injured to fight recklessly!
A red film seems to cover your vision as you go berserk!
You feel yourself moving faster!
You feel mighty!
You feel quite a bit more hungry. The orc priest barely misses you.
The orc closely misses you. The orc warrior closely misses you.
You slice the orc priest!!
You feel the power of Trog in you as your rage grows.
You kill the orc priest!
Trog accepts your kill.
Your Axes skill increases to level 5!
Your Stealth skill increases to level 2!
You have reached level 7!
You slash the orc!
You kill the orc!
Trog accepts your kill.
The orc warrior hits you with a glaive!!
You die...

>.....####.........##.
......................
......###..........#
......###..........#
##.#####..[........#
##..(....######..###
....##....# ##.#
##>.##....# #.##
###..#<...# #@o# #
#.#)...# ##o.# #
#......## #...#
##...#..### ..##
##.......# ....
#.......###..###.#
#...........# .#
#.......##### .
#.........#


You could see an orc warrior and an orc.

Vanquished Creatures
  A centaur (D:3)
  Crazy Yiuf (D:2)
  An orc priest (D:4)
  An iguana (D:4)
  2 orc wizards (D:3)
  A worker ant (D:4)
  Natasha (twice) (D:2)
  3 gnolls (D:4)
  6 adders
  An ooze (D:3)
  A worm (D:4)
  2 dart slugs (D:2)
  13 orcs
  2 ball pythons
  5 bats
  A giant cockroach (D:3)
  7 hobgoblins
  A quokka (D:3)
  5 frilled lizards
  5 goblins
  7 kobolds
  4 rats
  3 fungi (D:3)
75 creatures vanquished.

Notes
Turn   | Place    | Note
-------+----------+-------------------------------------------
     0 | D:1      | Fang the Gargoyle Berserker began the quest for the Orb.
     0 | D:1      | Reached XP level 1. HP: 14/14 MP: 1/1
   160 | D:1      | Reached XP level 2. HP: 15/19 MP: 2/2
   295 | D:1      | Reached skill level 3 in Axes
   423 | D:1      | You fall through a shaft!
   461 | D:2      | Found a runed door.
   636 | D:2      | Reached XP level 3. HP: 22/23 MP: 3/3
   920 | D:2      | Reached ** piety under Trog
  1040 | D:2      | Noticed Natasha
  1048 | D:2      | Killed Natasha
  1048 | D:2      | Reached XP level 4. HP: 25/29 MP: 4/4
  1747 | D:2      | Noticed Natasha
  1763 | D:2      | Killed Natasha
  2131 | D:2      | Noticed Crazy Yiuf
  2148 | D:2      | Killed Crazy Yiuf
  2148 | D:2      | Reached XP level 5. HP: 29/33 MP: 5/5
  2296 | D:3      | Noticed a centaur
  2680 | D:3      | Reached skill level 1 in Stealth
  2894 | D:3      | Reached skill level 4 in Axes
  2907 | D:3      | Killed a centaur
  2907 | D:3      | Reached XP level 6. HP: 22/38 MP: 6/6
  3216 | D:3      | Found a sacrificial altar of Ru.
  4031 | D:4      | Reached *** piety under Trog
  4273 | D:4      | Noticed an orc warrior
  4281 | D:4      | Reached skill level 5 in Axes
  4281 | D:4      | Reached XP level 7. HP: 8/44 MP: 7/7
  4282 | D:4      | Mangled by an orc warrior

Skill      XL: |  1  2  3  4  5  6 |
---------------+-------------------+-----
Axes           | 3 4 5 |  5.0
Dodging        | 2 3 |  3.6
Fighting       | 4 |  4.5
Stealth        | 1 2 |  2.0
Armour         | |  2.3

Action                   |  1- 3 |  4- 6 |  7- 9 || total
-------------------------+-------+-------+-------++-------
Melee: Hand axe          |   122 |   237 |       ||   359
Invok: Berserk           |     1 |     7 |       ||     8
 Stab: Invisible         |       |     1 |       ||     1
  Eat: Chunk             |       |    11 |       ||    11
       Ration            |       |     2 |       ||     2
Armor: Animal skin       |    43 |    61 |       ||   104
       Skin              |       |     1 |       ||     1
Dodge: Dodged            |    87 |   134 |       ||   221
